 Dungeon Crawl Stone Soup version 0.18.1-48-g4cf74bf (webtiles) character file.

285385 nikopol the Phalangite (level 20, -5/202 HPs)
             Began as a Minotaur Berserker on July 24, 2016.
             Was the Champion of Trog.
             Drowned by a water elemental (15 damage)
             ... summoned by Ilsuiw
             ... on level 3 of the Shoals.
             The game lasted 03:04:44 (42826 turns).

nikopol the Phalangite (Minotaur Berserker)        Turns: 42826, Time: 03:04:45

Health: -5/202     AC: 43    Str: 30    XL:     20   Next: 17%
Magic:  10/10      EV: 19    Int:  7    God:    Trog [******]
Gold:   2728       SH:  0    Dex: 17    Spells: 0 memorised, 19 levels left

rFire  + . .     SeeInvis .     x - +10 glaive of Exoneration {freeze, rC+ rN+ MP-9 Int+7}
rCold  + + .     Gourm    .     U - +10 plate armour of Izimnud {rElec rF+ MR+}
rNeg   + + .     Faith    .     (shield currently unavailable)
rPois  +         Spirit   .     N - +2 hat
rElec  +         Dismiss  .     s - +2 cloak {rPois}
rCorr  .         Reflect  .     X - +4 pair of gloves "Hyfuunih" {rElec Str+4}
SustAt +         Harm     +     t - +2 pair of boots {Fly}
MR     +++++                    B - amulet of harm
Stlth  ..........               m - ring of protection from magic
                                T - ring of Tension {SustAt rC+ rN+ Int-4 Dex+2}

@: lethally poisoned (-5 -> -5), engulfed (cannot breathe), flying,
regenerating, slowed, lost intelligence, very slow, almost entirely resistant to
hostile enchantments, extremely unstealthy
A: retaliatory headbutt, horns 2, magic resistance 1, robust 1
a: Berserk, Trog's Hand, Brothers in Arms, Burn Spellbooks, Renounce Religion,
Stop Flying
}: 1/15 runes: serpentine


You were on level 3 of the Shoals.
You worshipped Trog.
Trog was exalted by your worship.
You were hungry.

You visited 6 branches of the dungeon, and saw 35 of its levels.
You visited 1 bazaar.
You also visited: Sewer, Ice Cave and Volcano.

You collected 4727 gold pieces.
You spent 1999 gold pieces at shops.

Inventory:

Hand Weapons
 c - the +12 longbow of Optimality {venom, Int+5}
   (Trog gifted it to you on level 2 of the Orcish Mines)

   It poisons the ammo it fires.
   It affects your intelligence (+5).
 x - the +10 glaive of Exoneration (weapon) {freeze, rC+ rN+ MP-9 Int+7}
   (Trog gifted it to you on level 2 of the Lair of Beasts)

   It has been specially enchanted to freeze those struck by it, causing extra
   injury to most foes and up to half again as much damage against particularly
   susceptible opponents.
   It can also slow down cold-blooded creatures.
   It affects your intelligence (+7).
   It protects you from cold.
   It protects you from negative energy.
   It affects your magic capacity (-9).
 S - the +7 trident "Ubra" {flame, rPois rF+++ rN+}
   (You found it in an ice cave)

   It has been specially enchanted to burn those struck by it, causing extra
   injury to most foes and up to half again as much damage against particularly
   susceptible opponents.
   It renders you almost immune to fire.
   It protects you from poison.
   It protects you from negative energy.
Missiles
 h - 1371 arrows (quivered)
Armour
 s - a +2 cloak of poison resistance (worn)
 t - a +2 pair of boots of flying (worn)
 N - a +2 hat (worn)
 U - the +10 plate armour of Izimnud (worn) {rElec rF+ MR+}
   (You found it on level 3 of the Elven Halls)

   It protects you from fire.
   It insulates you from electricity.
   It affects your resistance to hostile enchantments.
 X - the +4 pair of gloves "Hyfuunih" (worn) {rElec Str+4}
   (You found it on level 1 of the Elven Halls)

   It affects your strength (+4).
   It insulates you from electricity.
Jewellery
 m - a ring of protection from magic (right hand)
 w - an uncursed ring of resist corrosion
 B - an amulet of harm (around neck)
 D - the ring "Hetseat" {MP+9 Int+4 Dex-5 SInv}
   (You found it on level 6 of the Dungeon)

   [ring of see invisible]

   It affects your intelligence (+4).
   It affects your dexterity (-5).
   It affects your magic capacity (+9).
   It lets you see invisible.
 T - the ring of Tension (left hand) {SustAt rC+ rN+ Int-4 Dex+2}
   (You took it off a deep elf elementalist on level 3 of the Elven Halls)

   [ring of sustain attributes]

   It sustains your strength, intelligence and dexterity.
   It affects your intelligence (-4).
   It affects your dexterity (+2).
   It protects you from cold.
   It protects you from negative energy.
Wands
 d - a wand of digging (14/24)
 C - a wand of lightning (8/15)
Scrolls
 a - 9 scrolls of remove curse
 i - 4 scrolls of identify
 j - a scroll of summoning
 k - 2 scrolls of fog
 n - 8 scrolls of teleportation
 r - 3 scrolls of fear
 E - 4 scrolls of recharging
 F - 10 scrolls of enchant weapon
 H - 5 scrolls of blinking
 J - 2 scrolls of magic mapping
 V - 2 scrolls of silence
 Y - 2 scrolls of enchant armour
Potions
 b - 3 potions of invisibility
 g - 11 potions of heal wounds
 o - 8 potions of haste
 p - 3 potions of magic
 q - 7 potions of might
 u - 8 potions of agility
 v - 2 potions of cancellation
 z - 4 potions of resistance
 A - 7 potions of brilliance
 G - 5 potions of ambrosia
 I - 15 potions of curing
 K - 6 potions of cure mutation
 P - 3 potions of flight
Miscellaneous
 M - a lamp of fire
Comestibles
 f - 12 fruits
 l - 14 meat rations
 y - 17 bread rations
 L - 13 slices of pizza
 Q - a beef jerky
 W - 13 royal jellies


   Skills:
 + Level 17.0 Fighting
   Level 7.6(16.2) Axes
 * Level 21.7(22.1) Polearms
 * Level 18.7 Bows
 + Level 17.2 Armour
 + Level 16.1 Dodging


You had 19 spell levels left.
You didn't know any spells.

Dungeon Overview and Level Annotations

Branches:
Dungeon (15/15)            Temple (0/1) D:6            Lair (8/8) D:10
 Shoals (3/4) Lair:3        Snake (4/4) Lair:3        Slime (0/6) Lair:7
    Orc (2/2) D:12            Elf (3/3) Orc:2        Vaults (0/5) D:14
 Depths (0/5) D:15

Altars:
Ashenzari
Elyvilon
Fedhas
Kikubaaqudgha
Nemelex Xobeh
Pakellas
Qazlal
Ru
Sif Muna
Trog
Vehumet
Xom
Yredelemnul
Zin
The Shining One
Beogh
Jiyva

Shops:
D:5 }   D:7 }   Orc:2 [!}?   Elf:1 %   Elf:3 %   Snake:3 [*

Annotations:
Shoals:3 Ilsuiw


Innate Abilities, Weirdness & Mutations

You reflexively headbutt those who attack you in melee.
You have a pair of horns on your head.
You are resistant to hostile enchantments.
You are robust (+10% HP).


Message History

You headbutt the water elemental, but do no damage.
Something hits you but does no damage.
Your stone giant hits the water elemental!!!
The water elemental is destroyed!
The merfolk impaler barely misses you.
You continue eating.
* * * LOW HITPOINT WARNING * * *
Your lungs strain for air!
You feel sick.
Your stone giant barely misses the hippogriff.
The water elemental hits you.
The merfolk hits you but does no damage.
The merfolk impaler completely misses you.
The water elemental closely misses you. You furiously retaliate!
You headbutt the water elemental!
You hear some strange, mumbled words.
Your stone giant hits the hippogriff!!
The merfolk impaler barely misses you. The water elemental barely misses you.
The merfolk closely misses you.
You continue eating.
You die...

≈≈≈≈≈≈≈≈≈≈P≈≈...≈≈≈≈≈≈≈≈
≈≈≈≈≈≈≈≈≈≈≈≈≈PP≈≈P≈≈≈≈≈≈
≈≈≈....≈≈≈≈≈≈≈≈P≈≈≈≈≈≈≈≈
≈≈≈≈.###..≈≈≈{≈≈≈≈≈≈≈≈≈≈≈
≈≈≈≈. #!.≈≈≈≈P≈P≈≈≈≈≈≈≈≈
≈≈≈≈.###(≈≈≈≈≈≈PP≈≈≈≈≈≈≈≈
≈≈≈≈≈}.§(P≈≈≈≈≈P≈≈≈≈≈≈≈≈≈
≈≈≈≈≈≈..EHC≈P≈≈≈≈≈≈≈≈≈≈≈
≈≈≈≈≈≈≈≈E@≈≈≈≈≈≈≈≈≈≈
≈≈≈≈≈≈≈?().≈≈≈≈≈≈≈≈
≈≈≈≈≈≈≈..mm)P≈≈≈≈≈
≈≈≈≈≈≈≈.≈...P≈≈≈≈
...≈≈..≈≈...≈≈≈?≈
##.....≈≈###.≈≈P≈
#.≈≈..≈.# .≈≈≈≈ .≈≈≈≈≈.
.≈≈≈≈


You could see a merfolk impaler, a merfolk, 2 water elementals, a hippogriff and
a friendly stone giant (berserk).

Vanquished Creatures
  Jorgrun (Elf:2)
  A deep elf blademaster (Elf:3)
  A deep elf master archer (Elf:3)
  An acid blob (Lair:7)
  Asterion (Snake:3)
  Kirke (Shoals:1)
  11 greater nagas
  Gastronok (D:8)
  Roxanne (Elf:2)
  Donald (Snake:4)
  4 deep elf sorcerers (Elf:3)
  A frost giant (IceCv)
  6 deep elf elementalists (Elf:3)
  Aizul (Snake:4)
  A stone giant (Orc:2)
  9 deep elf demonologists (Elf:3)
  3 deep elf annihilators (Elf:3)
  4 deep elf death magi (Elf:3)
  3 merfolk javelineers
  An ettin (Orc:2)
  3 vault guards (D:14)
  A fire dragon (Lair:8)
  4 deep elf high priests (Elf:3)
  2 ice dragons (Lair:6)
  10 naga warriors
  6 hydras
  Erica (Lair:2)
  4 centaur warriors
  25 anacondas
  22 dancing weapons
  7 death yaks
  16 shock serpents
  10 naga sharpshooters
  24 deep elf knights
  4 orc high priests
  2 skeletal warriors (D:15)
  Nergalle (Lair:2)
  4 unseen horrors
  8 salamander mystics
  4 sea snakes
  7 naga ritualists
  2 spark wasp zombies (D:15)
  5 harpies (Shoals:1)
  A phantasmal warrior (D:15)
  A necromancer (D:15)
  17 deep elf archers
  9 hill giants
  5 orc knights
  A sphinx zombie (D:15)
  5 griffons
  An orb spider (shapeshifter) (Elf:2)
  6 statues (Volcano)
  15 mana vipers
  4 orc sorcerers (Orc:2)
  5 lindwurms
  2 wizards
  9 cyclopes
  16 salamanders
  9 fauns (Shoals:1)
  68 deep elf magi
  3 manticores
  A centaur zombie (D:14)
  11 ugly things
  47 black mambas
  An ice statue (IceCv)
  5 sirens
  24 naga magi
  2 water nymphs
  6 torpor snails
  9 guardian serpents
  5 molten gargoyles
  A spiny frog (shapeshifter) (Elf:2)
  9 spiny frogs
  A black mamba (shapeshifter) (D:15)
  6 komodo dragons
  A gargoyle (D:14)
  A yaktaur zombie (D:15)
  A kobold demonologist (D:14)
  An efreet (D:15)
  3 tengu conjurers
  8 merfolk
  A small abomination (Elf:3)
  9 trolls
  30 polar bears
  A two-headed ogre (D:8)
  6 giant leeches (Lair:8)
  A harpy skeleton (D:15)
  6 raiju (Lair:8)
  23 blink frogs
  A boulder beetle (Lair:4)
  Prince Ribbit (D:8)
  A raiju (shapeshifter) (Elf:2)
  4 snapping turtles (Shoals:2)
  8 slime creatures
  5 air elementals
  A centaur simulacrum (D:14)
  2 wyverns
  6 spriggans (Lair:5)
  A wraith (D:11)
  2 fire bats (Volcano)
  2 shadows
  54 yaks
  5 water elementals
  A human (D:7)
  A basilisk (D:14)
  13 hippogriffs
  A vampire (D:12)
  7 hogs (Shoals:1)
  A steam dragon (D:14)
  5 fire elementals
  3 vampire mosquitoes
  37 nagas
  A mottled dragon (D:15)
  10 wargs
  15 porcupines
  11 water moccasins
  2 hell hounds (Lair:8)
  A swamp drake (shapeshifter) (Elf:1)
  A black bear (shapeshifter) (Elf:1)
  35 orc warriors
  A sky beast (D:12)
  4 wasps
  15 black bears
  4 ice beasts
  2 eyes of draining
  3 phantoms
  An eye of draining (shapeshifter) (D:14)
  29 wolves
  10 ogres
  6 centaurs
  19 crocodiles
  10 big kobolds
  3 earth elementals
  16 giant frogs
  A wyvern skeleton (D:8)
  A water moccasin zombie (D:11)
  A scorpion (D:5)
  4 wights
  9 killer bees
  2 howler monkeys (D:9)
  3 electric eels (D:11)
  8 crimson imps
  7 lava snakes
  2 giant frog zombies (D:5)
  17 hounds
  2 jellies
  A giant frog skeleton (D:13)
  28 orc priests
  Crazy Yiuf (D:3)
  5 centaur skeletons
  34 orc wizards
  Ijyb (D:3)
  11 iguanas
  16 worker ants
  A killer bee zombie (D:8)
  71 sheep
  2 hound skeletons
  4 gnolls (D:9)
  16 adders
  91 river rats
  4 shadow imps
  3 white imps (Lair:6)
  5 oozes
  An adder zombie (D:5)
  27 worms
  10 dart slugs (D:4)
  5 giant geckos
  73 orcs
  4 giant cockroaches
  3 goblins (D:3)
  8 hobgoblins
  10 jackals
  6 quokkas
  4 ball pythons
  7 bats
  A giant cockroach zombie (D:5)
  A giant gecko skeleton (D:5)
  3 giant newts
  A goblin zombie (D:9)
  2 hobgoblin zombies (D:9)
  40 kobolds
  2 kobold skeletons (D:9)
  2 kobold zombies (D:9)
  An orc skeleton (D:9)
  18 rats
  A crawling corpse (Elf:3)
  A fire vortex (Volcano)
  2 fungi
  2 plants
  2 withered plants (D:15)
1571 creatures vanquished.

Vanquished Creatures (collateral kills)
  2 deep elf sorcerers (Elf:3)
  A deep elf demonologist (Elf:3)
  A naga warrior (Snake:2)
  A hydra (Lair:8)
  A salamander mystic (Snake:4)
  A black mamba (Snake:2)
  A naga mage (Snake:3)
  2 nagas (Snake:3)
  2 crawling corpses (Elf:3)
12 creatures vanquished.

Vanquished Creatures (others)
  A deep elf elementalist (Elf:3)
  A deep elf knight (Elf:1)
  A salamander (Snake:2)
  A naga (Snake:4)
  14 fungi
  31 plants
49 creatures vanquished.

Grand Total: 1632 creatures vanquished

Notes
Turn   | Place    | Note
--------------------------------------------------------------
     0 | D:1      | nikopol the Minotaur Berserker began the quest for the Orb.
     0 | D:1      | Reached XP level 1. HP: 19/19 MP: 0/0
   156 | D:1      | Reached XP level 2. HP: 21/27 MP: 1/1
   332 | D:1      | Reached skill level 4 in Polearms
   755 | D:2      | Reached ** piety under Trog
   762 | D:2      | Found a sparkling altar of Nemelex Xobeh.
   790 | D:2      | Reached XP level 3. HP: 31/33 MP: 2/2
   983 | D:2      | Found a deep blue altar of Sif Muna.
  1310 | D:3      | Found a glowing drain.
  1354 | D:3      | Reached XP level 4. HP: 20/41 MP: 3/3
  1508 | Sewer    | Entered a sewer
  1663 | Sewer    | Noticed a big kobold
  1678 | Sewer    | Killed a big kobold
  1678 | Sewer    | Reached XP level 5. HP: 42/47 MP: 4/4
  1820 | Sewer    | Reached skill level 5 in Fighting
  1820 | Sewer    | Reached skill level 5 in Polearms
  1918 | Sewer    | Reached XP level 6. HP: 56/56 MP: 5/5
  1995 | Sewer    | Reached *** piety under Trog
  2678 | D:3      | Noticed an orc warrior
  2691 | D:3      | Reached XP level 7. HP: 62/62 MP: 6/6
  2696 | D:3      | Reached skill level 5 in Armour
  2700 | D:3      | Reached skill level 6 in Polearms
  2941 | D:3      | Reached **** piety under Trog
  3086 | D:3      | Found a glowing silver altar of Zin.
  3133 | D:3      | Noticed Ijyb
  3147 | D:3      | Killed Ijyb
  3391 | D:3      | Noticed Crazy Yiuf
  3397 | D:3      | Killed Crazy Yiuf
  3466 | D:4      | Reached skill level 5 in Dodging
  4219 | D:4      | Found a blossoming altar of Fedhas.
  4414 | D:5      | Entered Level 5 of the Dungeon
  4515 | D:5      | Reached XP level 8. HP: 59/71 MP: 7/7
  4672 | D:5      | Found an ancient bone altar of Kikubaaqudgha.
  4672 | D:5      | Found a stormy altar of Qazlal.
  4673 | D:5      | Found a glowing golden altar of the Shining One.
  4717 | D:5      | Reached skill level 7 in Polearms
  4750 | D:5      | Found a white marble altar of Elyvilon.
  5049 | D:5      | Found an oddly glowing altar of Pakellas.
  5049 | D:5      | Found Pakellas's Prime Provisions.
  5080 | D:5      | Found a basalt altar of Yredelemnul.
  5149 | D:5      | Received a gift from Trog
  5165 | D:5      | Found a shimmering altar of Xom.
  5240 | D:6      | Got a twitching golden ring
  5241 | D:6      | Identified the ring "Hetseat" {MP+9 Int+4 Dex-5 SInv} (You found it on level 6 of the Dungeon)
  5568 | D:6      | Reached skill level 8 in Polearms
  5602 | D:6      | Found a staircase to the Ecumenical Temple.
  5756 | D:6      | Reached ***** piety under Trog
  6158 | D:7      | Reached XP level 9. HP: 66/80 MP: 8/8
  6161 | D:7      | Reached skill level 9 in Polearms
  6359 | D:7      | Found a bloodstained altar of Trog.
  6617 | D:7      | Found Tuacaira's Gadget Shop.
  6646 | D:7      | Got a faintly glowing mace
  6647 | D:7      | Lost intelligence.
  6647 | D:7      | Identified the +1 mace of Animal Spirits {holy, rPois rF+++ Int-5 Dex+4} (You found it on level 7 of the Dungeon)
  6764 | D:8      | Noticed Gastronok
  6775 | D:8      | Killed Gastronok
  6775 | D:8      | Reached skill level 10 in Polearms
  6775 | D:8      | Reached XP level 10. HP: 71/91 MP: 9/9
  7069 | D:8      | Noticed Prince Ribbit
  7080 | D:8      | Killed Prince Ribbit
  7164 | D:8      | Reached skill level 11 in Polearms
  7528 | D:9      | Found a glowing golden altar of the Shining One.
  7612 | D:9      | Noticed a hill giant
  7622 | D:9      | Killed a hill giant
  7804 | D:9      | Received a gift from Trog
  7835 | D:9      | Got a jewelled battleaxe
  7843 | D:9      | Identified the +6 battleaxe "Joydezxy" {chop, rF+ MR+ Dex+2 Stlth-} (You found it on level 9 of the Dungeon)
  7853 | D:9      | Reached skill level 1 in Axes
  7977 | D:9      | Found a shattered altar of Ashenzari.
  8044 | D:9      | Found a shimmering altar of Xom.
  8112 | D:9      | Found a sacrificial altar of Ru.
  8158 | D:10     | Entered Level 10 of the Dungeon
  8210 | D:10     | Found a staircase to the Lair.
  8214 | D:10     | Reached skill level 1 in Bows
  8224 | D:10     | Reached XP level 11. HP: 80/99 MP: 10/10
  8560 | D:10     | Received a gift from Trog
  8563 | D:10     | Got an encrusted hand axe {god gift}
  8564 | D:10     | Identified the +7 hand axe of Deformation {flame, *Drain rElec Dex+5} (Trog gifted it to you on level 10 of the Dungeon)
  8697 | D:10     | Reached skill level 5 in Axes
  8869 | D:10     | Reached skill level 10 in Armour
  8873 | D:10     | Reached skill level 10 in Fighting
  9010 | Lair:1   | Entered Level 1 of the Lair of Beasts
  9306 | Lair:1   | Reached skill level 5 in Bows
  9588 | Lair:1   | Got a faintly humming ring mail
  9599 | Lair:1   | Identified the cursed +0 ring mail "Piguymas" {rElec Str+3 Dex-3} (You found it on level 1 of the Lair of Beasts)
 10332 | Lair:2   | Noticed a four-headed hydra
 10336 | Lair:2   | Noticed Erica
 10342 | Lair:2   | Killed a seven-headed hydra
 10346 | Lair:2   | Killed Erica
 10579 | Lair:2   | Noticed a four-headed hydra
 10588 | Lair:2   | Killed an eight-headed hydra
 10595 | Lair:2   | Received a gift from Trog
 10971 | Lair:2   | Got a heavily runed shield
 10980 | Lair:2   | Identified the +0 shield of Toeruja {rElec Dex+3} (You found it on level 2 of the Lair of Beasts)
 11023 | Lair:2   | Noticed a griffon
 11030 | Lair:2   | Killed a griffon
 11079 | Lair:2   | Received a gift from Trog
 11080 | Lair:2   | Got a dazzling glaive {god gift}
 11083 | Lair:2   | Identified the +10 glaive of Exoneration {freeze, rC+ rN+ MP-9 Int+7} (Trog gifted it to you on level 2 of the Lair of Beasts)
 11110 | Lair:2   | Noticed Nergalle
 11129 | Lair:2   | Killed Nergalle
 11129 | Lair:2   | Reached XP level 12. HP: 92/108 MP: 2/11
 11682 | Lair:3   | Found a dark tunnel.
 11691 | Volcano  | Entered a volcano
 12026 | Volcano  | Reached skill level 12 in Polearms
 12026 | Volcano  | Reached skill level 10 in Dodging
 12410 | Volcano  | Found a shimmering altar of Xom.
 12529 | Lair:3   | Found a staircase to the Shoals.
 12636 | Lair:3   | Found a staircase to the Snake Pit.
 12695 | Lair:3   | Noticed an eight-headed hydra
 12707 | Lair:3   | Killed a 12-headed hydra
 12873 | Lair:3   | Received a gift from Trog
 13338 | Lair:3   | Received a gift from Trog
 14676 | Lair:4   | Noticed a seven-headed hydra
 14685 | Lair:4   | Killed an eight-headed hydra
 14895 | Lair:4   | Reached ****** piety under Trog
 15113 | Lair:4   | Reached skill level 13 in Polearms
 15344 | Lair:5   | Reached XP level 13. HP: 105/116 MP: 3/12
 15561 | Lair:5   | Received a gift from Trog
 15665 | Lair:5   | Reached skill level 10 in Bows
 15900 | Lair:5   | Received a gift from Trog
 16159 | Lair:6   | Found a frozen archway.
 16282 | IceCv    | Entered an ice cave
 16538 | IceCv    | Reached skill level 14 in Polearms
 16956 | IceCv    | Noticed a frost giant
 16966 | IceCv    | Killed a frost giant
 17001 | IceCv    | Got a bloodstained trident
 17398 | Lair:6   | Identified the +7 trident "Ubra" {flame, rPois rF+++ rN+} (You found it in an ice cave)
 17821 | Lair:6   | Reached XP level 14. HP: 127/127 MP: 4/13
 17940 | Lair:6   | Received a gift from Trog
 18317 | Lair:7   | Found a runed door.
 18795 | Lair:7   | Found a viscous altar of Jiyva.
 18795 | Lair:7   | Found a staircase to the Slime Pits.
 18795 | Lair:7   | Noticed an acid blob
 18803 | Lair:7   | Killed an acid blob
 19146 | Lair:8   | Entered Level 8 of the Lair of Beasts
 19250 | Lair:8   | Received a gift from Trog
 19383 | Lair:8   | Received a gift from Trog
 19402 | Lair:8   | Reached skill level 15 in Polearms
 20101 | Lair:8   | Received a gift from Trog
 20712 | Lair:8   | Found a runed door.
 21295 | D:10     | Received a gift from Trog
 21711 | D:11     | Got a steaming ring mail
 21822 | D:11     | Identified the +3 ring mail of Wyruiruin {rElec MR- Stlth+} (You found it on level 11 of the Dungeon)
 22488 | D:12     | Received a gift from Trog
 22529 | D:12     | Reached XP level 15. HP: 135/135 MP: 5/14
 22544 | D:12     | Reached skill level 16 in Polearms
 22814 | D:12     | Received a gift from Trog
 22825 | D:12     | Found a staircase to the Orcish Mines.
 23569 | D:13     | Received a gift from Trog
 24126 | Orc:1    | Entered Level 1 of the Orcish Mines
 24380 | Orc:1    | Found a roughly hewn altar of Beogh.
 24727 | Orc:2    | Entered Level 2 of the Orcish Mines
 24750 | Orc:2    | Received a gift from Trog
 24839 | Orc:2    | Got a translucent longbow {god gift}
 24840 | Orc:2    | Identified the +12 longbow of Optimality {venom, Int+5} (Trog gifted it to you on level 2 of the Orcish Mines)
 24912 | Orc:2    | Paralysed by an orc sorcerer for 7 turns
 25257 | Orc:2    | Found Kehuet's Distillery.
 25257 | Orc:2    | Found Roug's Magic Scroll Shop.
 25257 | Orc:2    | Found Guveerec's Gadget Shop.
 25391 | Orc:2    | Found Emiar's Armour Boutique.
 25416 | Orc:2    | Received a gift from Trog
 25472 | Orc:2    | Found a staircase to the Elven Halls.
 25525 | Orc:2    | Bought a +0 pair of boots of flying for 172 gold pieces
 25525 | Orc:2    | Bought the +15 Maxwell's patent armour {-Cast -Tele rElec MR+ rCorr} for 1611 gold pieces
 25805 | Orc:2    | Found a roughly hewn altar of Beogh.
 26318 | D:14     | Received a gift from Trog
 26614 | D:14     | Found a gate to the Vaults.
 26841 | D:14     | Reached skill level 17 in Polearms
 27186 | D:15     | Entered Level 15 of the Dungeon
 27403 | D:15     | Identified a scroll of acquirement
 27554 | D:15     | Found a staircase to the Depths.
 27577 | D:15     | Reached XP level 16. HP: 133/145 MP: 6/15
 27591 | D:15     | Received a gift from Trog
 28097 | D:12     | Received a gift from Trog
 28247 | Snake:1  | Entered Level 1 of the Snake Pit
 28812 | Snake:1  | Received a gift from Trog
 28937 | Snake:1  | Received a gift from Trog
 29748 | Snake:2  | Reached skill level 18 in Polearms
 29813 | Snake:2  | Reached skill level 15 in Bows
 31511 | Snake:3  | Received a gift from Trog
 31547 | Snake:3  | Found a flickering gateway to a bazaar.
 31562 | Bazaar   | Entered a bazaar
 31569 | Bazaar   | Found Kepneism's Antique Weapon Emporium.
 31583 | Bazaar   | Found Ynaija Xefi's Antique Weapon Shoppe.
 31599 | Bazaar   | Found Wioxzoso's Antique Armour Emporium.
 31610 | Bazaar   | Found Lych's Antique Armour Shoppe.
 31615 | Bazaar   | Bought a polished scale mail for 216 gold pieces
 31640 | Snake:3  | Identified the cursed +0 scale mail of the Mind {MR+ rCorr Stlth-} (You bought it in a shop in a bazaar)
 31958 | Snake:3  | Reached XP level 17. HP: 154/154 MP: 7/16
 32111 | Snake:3  | Found Puyreath's Armour Boutique.
 32214 | Snake:3  | Reached skill level 15 in Fighting
 32275 | Snake:3  | Received a gift from Trog
 32344 | Snake:3  | Found Yczas's Assorted Antiques.
 32686 | Snake:4  | Entered Level 4 of the Snake Pit
 32686 | Snake:4  | Noticed Asterion
 32698 | Snake:3  | Killed Asterion
 32897 | Snake:4  | Received a gift from Trog
 33015 | Snake:4  | Reached skill level 15 in Armour
 33121 | Snake:4  | Reached skill level 19 in Polearms
 33355 | Snake:4  | Noticed Aizul
 33356 | Snake:4  | Noticed Donald
 33363 | Snake:4  | Killed Aizul
 33365 | Snake:4  | Killed Donald
 33915 | Snake:4  | Received a gift from Trog
 34369 | Snake:4  | Reached XP level 18. HP: 165/165 MP: 17/17
 34390 | Snake:4  | Received a gift from Trog
 34952 | Snake:4  | Got a serpentine rune of Zot
 35094 | Snake:4  | Reached skill level 20 in Polearms
 35456 | Elf:1    | Entered Level 1 of the Elven Halls
 35573 | Elf:1    | Received a gift from Trog
 35878 | Elf:1    | Found a radiant altar of Vehumet.
 35968 | Elf:1    | Got a pair of pitted gloves
 35979 | Elf:1    | Identified the +4 pair of gloves "Hyfuunih" {rElec Str+4} (You found it on level 1 of the Elven Halls)
 36143 | Elf:1    | Received a gift from Trog
 36200 | Elf:1    | Found Qonlurr's Food Boutique.
 36664 | Elf:2    | Noticed Jorgrun
 36669 | Elf:2    | Killed Jorgrun
 36734 | Elf:2    | Received a gift from Trog
 36757 | Elf:2    | Noticed Roxanne
 36768 | Elf:2    | Killed Roxanne
 36781 | Elf:2    | Identified Roxanne's Disquisition on Shape Shifting (You took it off Roxanne on level 2 of the Elven Halls)
 36821 | Elf:2    | Reached skill level 15 in Dodging
 37065 | Elf:2    | Found a runed gate.
 37065 | Elf:2    | Found a runed gate.
 37067 | Elf:2    | Found a runed gate.
 37432 | Elf:2    | Reached XP level 19. HP: 172/172 MP: 18/18
 37480 | Elf:2    | Received a gift from Trog
 38077 | Elf:3    | Entered Level 3 of the Elven Halls
 38420 | Elf:3    | Reached skill level 21 in Polearms
 38499 | Elf:3    | Found Litil's Food Shoppe.
 38855 | Elf:3    | Gained mutation: You are robust (+10% HP). [potion of beneficial mutation]
 38856 | Elf:3    | Gained mutation: You are resistant to hostile enchantments. [potion of beneficial mutation]
 38927 | Elf:3    | Received a gift from Trog
 40097 | Elf:3    | Got a glittering bone ring
 40108 | Elf:3    | Identified the ring of Tension {SustAt rC+ rN+ Int-4 Dex+2} (You took it off a deep elf elementalist on level 3 of the Elven Halls)
 40151 | Elf:3    | Noticed a Tzitzimitl
 40151 | Elf:3    | Received a gift from Trog
 40155 | Elf:3    | Noticed a Tzitzimitl
 40343 | Elf:3    | Received a gift from Trog
 40444 | Elf:3    | Got a smoking plate armour
 40448 | Elf:3    | Identified the +10 plate armour of Izimnud {rElec rF+ MR+} (You found it on level 3 of the Elven Halls)
 40824 | Elf:1    | Received a gift from Trog
 41036 | Shoals:1 | Entered Level 1 of the Shoals
 41055 | Shoals:1 | Noticed Kirke
 41071 | Shoals:1 | Killed Kirke
 41278 | Shoals:1 | Received a gift from Trog
 41433 | Shoals:1 | Reached XP level 20. HP: 201/201 MP: 9/19
 41486 | Shoals:1 | Received a gift from Trog
 42727 | Shoals:3 | Lost intelligence.
 42760 | Shoals:3 | Lost intelligence.
 42805 | Shoals:3 | Lost intelligence.
 42806 | Shoals:3 | Noticed Ilsuiw
 42825 | Shoals:3 | HP: 10/202 [drowned by a water elemental[Ilsuiw] (15)]
 42826 | Shoals:3 | Drowned by a water elemental

Skill      XL: |  1  2  3  4  5  6  7  8  9 10 11 12 13 14 15 16 17 18 19 20 |
---------------+-------------------------------------------------------------+-----
Polearms       | 4 5 6 8 10 11 13 14 15 17 18 19 20 21 | 21.7
Fighting       | 4 5 6 7 9 10 11 12 13 14 15 16 17 | 17.0
Armour         | 3 4 5 7 8 9 10 11 12 13 14 15 16 17 | 17.2
Dodging        | 3 4 5 6 8 9 10 11 12 13 14 15 16 | 16.1
Axes           | 4 7 |  7.6
Bows           | 3 6 9 11 12 14 15 16 17 18 | 18.7

Action                   |  1- 3 |  4- 6 |  7- 9 | 10-12 | 13-15 | 16-18 | 19-21 || total
-------------------------+-------+-------+-------+-------+-------+-------+-------++-------
Melee: Spear             |   121 |   173 |   139 |       |       |       |       ||   433
       Headbutt          |     9 |    29 |    66 |    93 |   139 |    77 |    35 ||   448
       Halberd           |       |       |   139 |       |       |       |       ||   139
       Trident           |       |       |    73 |    80 |       |       |       ||   153
       Battleaxe         |       |       |       |   112 |       |       |       ||   112
       Hand axe          |       |       |       |    73 |       |       |       ||    73
       Glaive            |       |       |       |   171 |   795 |   507 |   202 ||  1675
 Fire: Shortbow          |       |       |       |   313 |   555 |       |       ||   868
       Longbow           |       |       |       |       |   222 |   623 |   337 ||  1182
Invok: Berserk           |     1 |     2 |     5 |     4 |     1 |     1 |       ||    14
       Brothers in Arms  |       |       |       |       |     1 |     3 |     3 ||     7
       Burn Spellbooks   |       |       |       |       |     1 |     3 |     4 ||     8
       Trog's Hand       |       |       |       |       |       |     1 |     1 ||     2
 Abil: Stop Flying       |       |       |       |       |     1 |       |       ||     1
       Evoke Flight      |       |       |       |       |       |       |     1 ||     1
  Use: Scroll            |       |       |       |    29 |    12 |     4 |    12 ||    57
       Potion            |       |       |       |       |       |     1 |     3 ||     4
  Eat: Chunk             |     1 |     7 |    19 |    26 |    39 |    27 |    17 ||   136
       Fruit             |       |       |       |     2 |     1 |     2 |       ||     5
       Beef jerky        |       |       |       |     2 |       |     1 |       ||     3
       Royal jelly       |       |       |       |       |       |     1 |       ||     1
Armor: Animal skin       |     8 |       |       |       |       |       |       ||     8
       Leather armour    |     7 |     9 |       |       |       |       |       ||    16
       Scale mail        |       |    14 |    86 |    99 |       |       |       ||   199
       Ring mail         |       |       |       |     3 |       |       |       ||     3
       Chain mail        |       |       |       |    49 |   257 |       |       ||   306
       Plate armour      |       |       |       |       |    84 |   325 |   136 ||   545
Dodge: Dodged            |    31 |    42 |   134 |   372 |   474 |   301 |   164 ||  1518
